[Event "Late-Titled-Tuesday-Blitz-April-30-2024"]
[Site "Chess.com"]
[Date "2024.04.30"]
[Round "8"]
[White "Good_Knight_Kiss"]
[Black "VirtualCoach"]
[Result "1/2-1/2"]
[WhiteElo "2335"]
[BlackElo "2079"]
[TimeControl "180+1"]
[EndTime "15:30:15 PDT"]
[Termination "Game drawn - insufficient material"]

1. e4 c5 2. Nf3 Nc6 3. d4 cxd4 4. Nxd4 Nf6 5. Nc3 e5 6. Ndb5 d6 7. Nd5 Nxd5 8. exd5 Nb8 9. c4 Be7 10. Bd3 O-O 11. O-O a6 12. Nc3 Nd7 13. Be3 f5 14. f3 Bg5 15. Bf2 b6 16. b4 Bf6 17.
Bxf5 e4 18. Be6+ Kh8 19. Bd4 exf3 20. Bxf6 Rxf6 21. Rxf3 Ne5 22. Rxf6 Qxf6 23. Ne4 Qg6 24. Nxd6 Bxe6 25. dxe6 Qxe6 26. c5 bxc5 27. bxc5 Nd7 28. c6 Nb6 29. c7 Qd7 30. Rc1 h6 31. h3 Rf8 32. a4 a5 33. Kh1 Rg8 34. Qd4 Nc8 35.
Rd1 Qxc7 36. Nf5 Qb6 37. Qxb6 Nxb6 38. Rd6 Nxa4 39. Ra6 Nc5 40. Rxa5 Ne4 41. Kh2 Rf8 42. Re5 Nd2 43. Re2 Nc4 44. g4 Kh7 45. Kg3 Kg6 46.
Re6+ Kh7 47. Re7 Rg8 48. h4 Nb6 49. h5 Nd5 50. Rd7 Nf6 51. Rf7 Ne4+ 52. Kf4 Ng5 53. Ra7 Kh8 54. Kg3 Ne4+ 55. Kf4 Nf6 56. Rb7 Ne8 57. Rf7 Nf6 58. Ra7 Nh7 59. Kf3 Ng5+ 60. Kg3 Ne6 61. Nh4 Nf8 62. Ng6+ Nxg6 63. hxg6 Rf8 64.
Kh4 Kg8 65. g5 hxg5+ 66. Kxg5 Rd8 67. Rb7 Kf8 68. Rf7+ Kg8 69. Re7 Rc8 70. Kf5 Rb8 71.
Re5 Kf8 72. Rd5 Rb6 73. Rc5 Rd6 74. Rc8+ Ke7 75. Rg8 Rd5+ 76. Ke4 Rg5 77. Rxg7+ Kf6 78. Rg8 Rxg6 79. Ra8 Kg5 80. Kf3 Rf6+ 81. Kg3 Kf5 82.
Ra5+ Kg6 83. Ra8 Rf5 84. Ra6+ Kg5 85. Ra8 Rf6 86. Rg8+ Kf5 87. Rb8 Rg6+ 88. Kf3 Kg5 89. Rb5+ Kh6 90. Kf4 Rf6+ 91. Kg4 Rg6+ 92. Kh4 Kg7 93.
Rg5 Rxg5 94. Kxg5 1/2-1/2

[Event "Late-Titled-Tuesday-Blitz-April-30-2024"]
[Site "Chess.com"]
[Date "2024.04.30"]
[Round "8"]
[White "ACollins05"]
[Black "sassassasss"]
[Result "1/2-1/2"]
[WhiteElo "2558"]
[BlackElo "2400"]
[TimeControl "180+1"]
[EndTime "15:30:19 PDT"]
[Termination "Game drawn by stalemate"]

1. d4 Nc6 2. e4 d6 3. Nc3 Nf6 4. Nf3 Bg4 5. Be2 e5 6. dxe5 dxe5 7. Be3 Bb4 8. Nd2 Bxc3 9. bxc3 Bxe2 10. Qxe2 O-O 11.
O-O h6 12. Qb5 Rb8 13. Rfd1 a6 14. Qe2 Qe7 15. f3 Nh5 16. Nb3 Nf4 17. Qf2 Rfd8 18. Rab1 b6 19. c4 a5 20. Rd5 a4 21. Nd2 Nb4 22. Bxf4 Nxd5 23. cxd5 exf4 24. Nc4 b5 25. Na5 Qa3 26. Nc6 Qxa2 27. Qf1 Qxc2 28. Nxd8 Rxd8 29.
Qxb5 a3 30. Qb3 Qc5+ 31. Kf1 Ra8 32. Qb7 Ra7 33. Qb3 a2 34. Ra1 Ra3 35. Qb2 Qc4+ 36.
Kg1 Qa4 37. h3 Kh7 38. Kh2 Qa7 39. e5 Kg8 40. d6 cxd6 41. exd6 Ra6 42. Qe5 Qe3 43.
d7 Qxe5 44. d8=Q+ Kh7 45. Qd3+ g6 46. Qxa6 Qxa1 47. Qa7 Qf6 48. Qxa2 Qg5 49. Qxf7+ Kh8 50. Qf8+ Kh7 51. Qe8 Kg7 52. Qd7+ Kf6 53. Qd8+ Kf5 54. Qd5+ Kf6 55. Qe4 Qg3+ 56. Kg1 Kg5 57. Qe7+ Kh5 58. Qe5+ Qg5 59. Qe8 Kh4 60. Qe6 Qc5+ 61. Kh2 Qg5 62. Qe1+ Kh5 63. Qf2 Qe5 64. Qc2 Qg5 65. Qf2 Qe5 66.
Qf1 Qe3 67. Qb5+ g5 68. Qd7 Qf2 69. Qe8+ Kh4 70. Qg6 Qg3+ 71. Kg1 h5 72. Qb1 g4 73.
fxg4 hxg4 74. Qh7+ Kg5 75. Qg7+ Kf5 76. Qd7+ Kg5 77.
Qg7+ Kf5 78. Qh7+ Kg5 79. Qe7+ Kf5 80. Qf7+ Ke4 81. Qg8 gxh3 82. Qxg3 fxg3 83. gxh3 Kf3 84. h4 Kg4 85. Kg2 Kxh4 86. Kg1 Kh3 87. Kh1 g2+ 88. Kg1 Kg3 1/2-1/2

[Event "Late-Titled-Tuesday-Blitz-April-30-2024"]
[Site "Chess.com"]
[Date "2024.04.30"]
[Round "8"]
[White "SCIM"]
[Black "carokannlover213"]
[Result "1-0"]
[WhiteElo "2571"]
[BlackElo "2750"]
[TimeControl "180+1"]
[EndTime "15:30:32 PDT"]
[Termination "SCIM won on time"]

1. d4 Nf6 2. c4 e6 3. Nc3 d5 4.
cxd5 exd5 5. Bg5 c6 6. e3 Bd6 7. Bd3 h6 8. Bh4 O-O 9. Nf3 Be6 10. Ne5 c5 11. O-O Nc6 12. Bg3 cxd4 13. Nxc6 bxc6 14. exd4 Bxg3 15. hxg3 Rb8 16. Na4 Kh8 17. Rc1 Rb4 18. Bb1 Qe7 19. a3 Rc4 20. Ba2 Rxc1 21. Qxc1 Ne4 22.
Bb1 Qf6 23. Qe3 Nd6 24. Rc1 Bf5 25. Qe5 Qxe5 26. dxe5 Ne4 27. Rxc6 Bd7 28. Ra6 Nd2 29. Bd3 d4 30. Rxa7 Bc6 31. Nc5 Kg8 32. b4 g5 33.
e6 fxe6 34. Nxe6 Re8 35. Nxd4 Bd5 36. Rd7 Re1+ 37. Kh2 Be4 38. Bxe4 Nxe4 39. f3 Nd2 40. g4 Rd1 41. Kg3 Nb3 42. Rd8+ Kf7 43. Nc6 Rc1 44. Rd7+ Ke6 45. Rd3 Na1 46. Nd4+ Kf6 47. Ne2 Re1 48. Rd6+ Ke7 49. Rd2 Nb3 50. Rb2 Na1 51. Nd4 Kd7 52. Nf5 Re6 53. Rb1 Nc2 54. Rd1+ Kc7 55. Nd4 Nxd4 56. Rxd4 Kb6 57. Rc4 Kb5 58. Re4 Rf6 59. Re5+ Ka4 60. Ra5+ Kb3 61. b5 Kc4 62. a4 Rf8 63.
Ra6 Kb4 64. Ra7 Rb8 65. Ra6 Rg8 66. Ra7 Rb8 67. Kf2 Re8 68. Kf1 Rb8 69. Ra6 Rg8 70.
b6 Kc5 71. a5 Kc6 72. Ra7 Rb8 73. Rc7+ Kb5 74. Ra7 Kc6 75. Kf2 Rh8 76. Ke3 Re8+ 77. Kd3 Rd8+ 78. Ke4 Rf8 79. Ke5 Re8+ 80. Kf6 Re2 81.
Rc7+ Kd6 82. a6 Rb2 83. a7 Rxb6 84. a8=Q Kxc7+ 85. Kf5 Rb2 86. Qa5+ Kd7 87. Qd5+ Kc8 88. Qc6+ Kd8 89. Qf6+ Kc8 90. Qxb2 Kc7 91. Kg6 1-0

[Event "Late-Titled-Tuesday-Blitz-April-30-2024"]
[Site "Chess.com"]
[Date "2024.04.30"]
[Round "8"]
[White "WindWhistler11"]
[Black "GalaxyRoman"]
[Result "1-0"]
[WhiteElo "2575"]
[BlackElo "2738"]
[TimeControl "180+1"]
[EndTime "15:30:38 PDT"]
[Termination "WindWhistler11 won by checkmate"]

1. Nf3 Nf6 2. g3 g6 3. Bg2 Bg7 4. c4 O-O 5. O-O d5 6. Nc3 dxc4 7. Ne5 Nc6 8. Nxc4 Be6 9. Qa4 Qd7 10. d3 a6 11.
Bxc6 bxc6 12. Ne5 Qd6 13. Bf4 Qc5 14. Qxc6 Qb4 15. Rab1 Nh5 16. Qe4 Qxe4 17. Nxe4 Nxf4 18. gxf4 f6 19. Nc6 Kf7 20. b3 Bh6 21. e3 Rg8 22. Nd4 g5 23. f5 Bd5 24. Rbc1 Rac8 25. Rc5 Rgd8 26. Rfc1 Rd7 27. Nc3 Bb7 28. Na4 Bf8 29.
Ne6 Rxd3 30. Rxc7 Rxc7 31. Nxc7 Bf3 32. Nc5 Rd2 33. a4 g4 34. N7e6 Bh6 35. Nxa6 Be4 36. Nb4 Bxf5 37. Nd4 Be4 38. a5 e5 39. Nb5 Rb2 40.
Nd6+ Kg6 41. Nxe4 Rxb3 42. Nc6 Ra3 43. Nd6 Bg7 44. Ne7+ Kg5 45. Nc6 Bf8 46. Ne4+ Kg6 47. Nd2 Bb4 48. Nc4 Ra2 49. Kg2 h5 50. Kg3 Kg5 51. h4+ Kg6 52. Rb1 Bc5 53. Rb5 Bf8 54.
N6xe5+ fxe5 55. Nxe5+ Kg7 56. Nd3 Bd6+ 57. Nf4 Ra3 58.
Rg5+ Kf7 59. Rf5+ Kg7 60. Rg5+ Kf7 61. Rxh5 Bb4 62. Kxg4 Bxa5 63. Kf3 Be1 64. Rf5+ Kg7 65. Ng2 Ba5 66. Rg5+ Kh6 67. Nf4 Bd8 68. Rg6+ Kh7 69. h5 Be7 70. Re6 Bf8 71. Ng6 Bg7 72. Re7 Kh6 73.
Nf4 Bf6 74. Re6 Kg5 75. Nh3+ Kf5 76. Rc6 Ra8 77. e4+ Ke5 78. Rc5+ Ke6 79. Rc6+ Ke5 80.
Nf4 Bg5 81. Nd3+ Kd4 82. Rd6+ Kc4 83. Rd5 Rf8+ 84. Kg4 Bh6 85. Ne5+ Kc3 86. f3 Rf4+ 87. Kg3 Rf6 88. Ng4 Bf4+ 89. Kh4 Rf7 90. Rf5 Rxf5 91.
exf5 Kd4 92. f6 Kd5 93. f7 Bd6 94. h6 Ke6 95. h7 Kxf7 96. h8=Q Be7+ 97. Kh3 Ke6 98.
Qh5 Kd7 99. Kg2 Kc8 100. Kf1 Kd7 101. Ke2 Kd8 102. Kd3 Kd7 103. Ke4 Kd8 104. Kd5 Kd7 105. Qf5+ Kd8 106. Ne5 Ke8 107. Ke6 Bd8 108. Qf7# 1-0

[Event "Late-Titled-Tuesday-Blitz-April-30-2024"]
[Site "Chess.com"]
[Date "2024.04.30"]
[Round "9"]
[White "rasmussvane"]
[Black "Mackster23"]
[Result "1-0"]
[WhiteElo "2938"]
[BlackElo "2615"]
[TimeControl "180+1"]
[EndTime "15:39:53 PDT"]
[Termination "rasmussvane won by resignation"]

1. Nf3 Nf6 2. g3 g6 3. Bg2 Bg7 4. O-O O-O 5. d4 d5 6. c4 c6 7. Qb3 Ne4 8. Nc3 Nxc3 9. bxc3 b6 10. cxd5 cxd5 11. e4 dxe4 12. Ng5 Bb7 13. Nxe4 Qd7 14. Nc5 Bxg2 15. Nxd7 Bxf1 16. Nxf8 Bh3 17. Qd5 1-0

[Event "Late-Titled-Tuesday-Blitz-April-30-2024"]
[Site "Chess.com"]
[Date "2024.04.30"]
[Round "9"]
[White "PNEPaul"]
[Black "stepanosinovsky"]
[Result "1-0"]
[WhiteElo "1976"]
[BlackElo "2331"]
[TimeControl "180+1"]
[EndTime "15:40:03 PDT"]
[Termination "PNEPaul won by resignation"]

1. e4 e5 2. Nf3 Nc6 3. Bc4 Nf6 4. d4 exd4 5. O-O Bc5 6. e5 d5 7. exf6 dxc4 8. Re1+ Be6 9. Ng5 Qd5 10. Nc3 Qf5 11.
Nce4 O-O-O 12. Nxe6 fxe6 13. Bg5 Rdf8 14. fxg7 d3 15.
gxf8=Q+ Rxf8 16. cxd3 Bxf2+ 17. Nxf2 1-0

[Event "Late-Titled-Tuesday-Blitz-April-30-2024"]
[Site "Chess.com"]
[Date "2024.04.30"]
[Round "9"]
[White "nicolasbatista3"]
[Black "xberli"]
[Result "0-1"]
[WhiteElo "2454"]
[BlackElo "2637"]
[TimeControl "180+1"]
[EndTime "15:40:08 PDT"]
[Termination "xberli won by resignation"]

1. d4 Nf6 2. c4 g6 3. Nc3 d5 4.
cxd5 Nxd5 5. e4 Nxc3 6. bxc3 Bg7 7.
Bc4 c5 8. Ne2 Nc6 9. Be3 O-O 10.
O-O b6 11. Rc1 Bb7 12. Qd2 Rc8 13. Rfd1 cxd4 14. cxd4 Qd7 15. e5 e6 16. h4 Ne7 17.
h5 Rxc4 18. Rxc4 Qd5 19. f3 Qxc4 20. Bh6 Bxh6 21. Qxh6 Nf5 22. Rd2 Nxh6 0-1

[Event "Late-Titled-Tuesday-Blitz-April-30-2024"]
[Site "Chess.com"]
[Date "2024.04.30"]
[Round "9"]
[White "samidescalona2002"]
[Black "TheAlienParty"]
[Result "1-0"]
[WhiteElo "2758"]
[BlackElo "2425"]
[TimeControl "180+1"]
[EndTime "15:40:31 PDT"]
[Termination "samidescalona2002 won by checkmate"]

1. Nf3 d5 2. d3 g6 3. Nbd2 Bg7 4.
g3 e5 5. Bg2 Ne7 6. O-O O-O 7.
e4 d4 8. Nc4 Nd7 9. a4 c5 10.
Nfd2 Qc7 11. f4 exf4 12. gxf4 f5 13. e5 Rb8 14. Nd6 b6 15. Nxc8 Rbxc8 16. Nc4 Rcd8 17. Qe2 a6 18. Bd2 b5 19. axb5 axb5 20. Ba5 Qb8 21. Bxd8 Rxd8 22. Nd6 Nc8 23. Ra8 Qc7 24. Rfa1 b4 25.
Nxc8 Rxc8 26. Rxc8+ Qxc8 27. Ra8 Nb8 28. Qf3 Kf7 29.
Qd5+ Ke8 30. Qd6 Na6 31. Rxc8+ Kf7 32. Bd5# 1-0

[Event "Late-Titled-Tuesday-Blitz-April-30-2024"]
[Site "Chess.com"]
[Date "2024.04.30"]
[Round "9"]
[White "Sanan_Sjugirov"]
[Black "ansko1999"]
[Result "1-0"]
[WhiteElo "2987"]
[BlackElo "2618"]
[TimeControl "180+1"]
[EndTime "15:40:35 PDT"]
[Termination "Sanan_Sjugirov won by resignation"]

1. e4 c5 2. Nf3 Nf6 3. d3 Nc6 4. g3 g6 5. Bg2 Bg7 6. O-O O-O 7.
Re1 Rb8 8. c3 b5 9. e5 Ne8 10. d4 cxd4 11. cxd4 d5 12. Nc3 b4 13. Na4 Nc7 14. Be3 Bg4 15. Rc1 Bd7 16. h4 Ne6 17. h5 Na5 18. h6 Bh8 19. b3 Bxa4 20. bxa4 Nc4 21. Nd2 Nb2 22. Qb3 Nc4 23. Nxc4 dxc4 24.
Rxc4 a5 25. d5 Nc7 26. Bg5 f6 27. d6 Ne6 28. Bd5 1-0

[Event "Late-Titled-Tuesday-Blitz-April-30-2024"]
[Site "Chess.com"]
[Date "2024.04.30"]
[Round "9"]
[White "Oleg_Papayan"]
[Black "Payyappat"]
[Result "1-0"]
[WhiteElo "2641"]
[BlackElo "2505"]
[TimeControl "180+1"]
[EndTime "15:40:37 PDT"]
[Termination "Oleg_Papayan won by resignation"]

1. e4 c6 2. Nc3 d5 3. Nf3 dxe4 4.
Nxe4 Nf6 5. Qe2 Nxe4 6. Qxe4 Nd7 7. Bc4 Nf6 8. Ne5 e6 9. Qe2 b5 10. Bb3 Qc7 11. d4 Bd6 12. O-O Bb7 13. Bg5 O-O-O 14.
Nxf7 Bxh2+ 15. Kh1 Kb8 16. Nxd8 Rxd8 17. g3 Bxg3 18.
fxg3 Ne4 19. Qxe4 c5 20. d5 Rxd5 21. Bxd5 Bxd5 22. Qxd5 exd5 23. Bf4 1-0

[Event "Late-Titled-Tuesday-Blitz-April-30-2024"]
[Site "Chess.com"]
[Date "2024.04.30"]
[Round "9"]
[White "PenguinPacks"]
[Black "platy3"]
[Result "0-1"]
[WhiteElo "2494"]
[BlackElo "2883"]
[TimeControl "180+1"]
[EndTime "15:40:41 PDT"]
[Termination "platy3 won by resignation"]

1. e4 c5 2. Nf3 e6 3. d4 cxd4 4. Qxd4 Nc6 5. Qe3 Nf6 6. Nc3 b6 7. e5 Ng4 8. Qf4 f5 9. h3 Nh6 10. Bc4 Bb7 11. O-O Rc8 12. Nb5 Nf7 13. Bb3 a6 14. Nbd4 Nxd4 15. Nxd4 g5 16. Qg3 Bc5 17. Nf3 f4 18. Qg4 h5 0-1

[Event "Late-Titled-Tuesday-Blitz-April-30-2024"]
[Site "Chess.com"]
[Date "2024.04.30"]
[Round "9"]
[White "Atanejhad"]
[Black "zano2023"]
[Result "1-0"]
[WhiteElo "2452"]
[BlackElo "2171"]
[TimeControl "180+1"]
[EndTime "15:41:12 PDT"]
[Termination "Atanejhad won by resignation"]

1. d4 d6 2. c4 Nf6 3. Nc3 Nbd7 4. e4 e5 5. Nf3 c6 6. h3 Be7 7. Be3 O-O 8. Be2 Re8 9. O-O Qc7 10. d5 Nf8 11. b4 Ng6 12. a4 Bd7 13. Qb3 b6 14.
dxc6 Bxc6 15. Bd3 Qb7 16. Nd5 Nxd5 17. cxd5 Bd7 18. a5 bxa5 19. Rxa5 Reb8 20. b5 Bd8 21.
Ra6 Bb6 22. Bxb6 axb6 23. Rc1 Rc8 24. Rc6 Bxc6 25. dxc6 Qc7 26. Qa4 Rxa6 27. Qxa6 Rb8 28. Bc4 h6 29. Ne1 Nf4 30. Nc2 Ne6 31. Ne3 Nc5 32.
Qa2 Nxe4 33. Nd5 Qc8 34. Ne7+ 1-0

[Event "Late-Titled-Tuesday-Blitz-April-30-2024"]
[Site "Chess.com"]
[Date "2024.04.30"]
[Round "9"]
[White "mortngabriel"]
[Black "Kostukov_Alex"]
[Result "1-0"]
[WhiteElo "2500"]
[BlackElo "2374"]
[TimeControl "180+1"]
[EndTime "15:41:13 PDT"]
[Termination "mortngabriel won by resignation"]

1. e4 c5 2. Nf3 g6 3. c3 Bg7 4. d4 cxd4 5. cxd4 d5 6. e5 Bg4 7.
Nbd2 Nc6 8. Bb5 Nh6 9. h3 Bxf3 10. Bxc6+ bxc6 11. Nxf3 O-O 12. O-O f6 13. exf6 exf6 14. Re1 Nf5 15. b3 Qd7 16. Qc2 Rfe8 17. Ba3 Bf8 18.
Bxf8 Kxf8 19. Rac1 Rac8 20. Qd2 Nd6 21. Qh6+ Qg7 22. Qf4 Ne4 23. Ne5 Qc7 24. Rxc6 Qb8 25. Nd7+ 1-0

[Event "Late-Titled-Tuesday-Blitz-April-30-2024"]
[Site "Chess.com"]
[Date "2024.04.30"]
[Round "9"]
[White "masterofpuppets2"]
[Black "JaackCamel"]
[Result "1-0"]
[WhiteElo "2454"]
[BlackElo "2274"]
[TimeControl "180+1"]
[EndTime "15:41:18 PDT"]
[Termination "masterofpuppets2 won by resignation"]

1. d4 d5 2. c4 e6 3. Nc3 c6 4. e4 dxe4 5. Nxe4 Bb4+ 6. Nc3 e5 7. Nf3 exd4 8. Nxd4 Bxc3+ 9. bxc3 Nf6 10. Be2 O-O 11. Bg5 Nbd7 12. O-O h6 13. Bh4 Qa5 14. Qc2 Re8 15.
Rfe1 Qc5 16. Bf1 Qh5 17. Rxe8+ Nxe8 18. Re1 Ndf6 19. Bg3 Qa5 20. h3 Bd7 21. Nb3 Qf5 22. Bd3 Qg5 23. Re5 Bf5 24. Rxf5 1-0

[Event "Late-Titled-Tuesday-Blitz-April-30-2024"]
[Site "Chess.com"]
[Date "2024.04.30"]
[Round "9"]
[White "Sjakkerntobi"]
[Black "Legendinunknown"]
[Result "0-1"]
[WhiteElo "2534"]
[BlackElo "2815"]
[TimeControl "180+1"]
[EndTime "15:41:35 PDT"]
[Termination "Legendinunknown won by resignation"]

1. e4 e5 2. Nf3 Nc6 3. Bc4 Nf6 4.
d3 Be7 5. O-O O-O 6. Nc3 d6 7. a4 Bg4 8. h3 Bh5 9. Be3 Qc8 10. Nd5 Nxd5 11. exd5 Nd8 12. g4 Bg6 13. d4 e4 14. Ne1 f5 15. f4 exf3 16. Qxf3 fxg4 17.
Qxg4 Bf5 18. Qh5 g6 19. Qe2 Bxh3 20. Ng2 Nf7 21. Bd3 Bg5 22. Bxg5 Nxg5 23. Qe3 Qg4 0-1

[Event "Late-Titled-Tuesday-Blitz-April-30-2024"]
[Site "Chess.com"]
[Date "2024.04.30"]
[Round "9"]
[White "Mops_2004"]
[Black "Bykov_Egor"]
[Result "0-1"]
[WhiteElo "2757"]
[BlackElo "2612"]
[TimeControl "180+1"]
[EndTime "15:41:49 PDT"]
[Termination "Bykov_Egor won by resignation"]

1. e4 c5 2. Nf3 e6 3. c4 Nc6 4.
d4 cxd4 5. Nxd4 Nf6 6. Nc3 Bb4 7. Nxc6 bxc6 8. Bd3 d6 9. O-O e5 10. Na4 O-O 11.
a3 Ba5 12. b4 Bc7 13. Re1 Re8 14. h3 a5 15. b5 cxb5 16. cxb5 d5 17. exd5 Qxd5 18.
Nc3 Qd4 19. Qc2 Bb7 20. Bg5 e4 21. Bf1 Rac8 22. Qd2 Qe5 23. g3 Bb6 24. Rac1 Qxg3+ 25. Bg2 Qxg2+ 0-1

[Event "Late-Titled-Tuesday-Blitz-April-30-2024"]
[Site "Chess.com"]
[Date "2024.04.30"]
[Round "9"]
[White "duone"]
[Black "Darkbluelord"]
[Result "1-0"]
[WhiteElo "2416"]
[BlackElo "2197"]
[TimeControl "180+1"]
[EndTime "15:41:49 PDT"]
[Termination "duone won by resignation"]

1. e4 c5 2. Nf3 d6 3. d4 cxd4 4. Nxd4 Nf6 5. Nc3 g6 6. Be3 Bg7 7. f3 O-O 8. Qd2 Nc6 9. O-O-O d5 10. Qe1 Rb8 11. Nxc6 bxc6 12. Bc4 Be6 13. Bb3 Qc7 14. g3 Rfc8 15. Bf4 Qa5 16. Bxb8 Rxb8 17. Nxd5 Qxe1 18. Nxf6+ Bxf6 19. Rhxe1 Bxb3 20. axb3 e6 21. e5 Bd8 22. f4 Bb6 23. Rd6 Rc8 24. Red1 Kg7 25. c4 g5 26. Kc2 gxf4 27. gxf4 Be3 28. Rf1 c5 29. Rf3 Bd4 30. b4 Rb8 31. b5 Rb7 32. Ra3 Kg6 33. Rda6 Kf5 34. Rxa7 Rxa7 35. Rxa7 Kxf4 36. Rxf7+ Kxe5 37. b6 Ke4 38. b7 Be5 39. Rf8 1-0

[Event "Late-Titled-Tuesday-Blitz-April-30-2024"]
[Site "Chess.com"]
[Date "2024.04.30"]
[Round "9"]
[White "MiguelBestard1981"]
[Black "emeli_chess"]
[Result "1-0"]
[WhiteElo "2177"]
[BlackElo "2426"]
[TimeControl "180+1"]
[EndTime "15:41:51 PDT"]
[Termination "MiguelBestard1981 won by checkmate"]

1. e4 c5 2. Nf3 d6 3. c3 Nf6 4. h3 Bd7 5. Bd3 e6 6. Bc2 Bc6 7. d3 Nbd7 8. Nbd2 Be7 9. Nf1 O-O 10. g4 d5 11. e5 Ne8 12. d4 f6 13. Qd3 g6 14. exf6 Nexf6 15. Ng3 Ne4 16. O-O Bd6 17. Bh6 Rxf3 18. Qxf3 Qh4 19. g5 Qxh3 20. Rae1 Re8 21. Rxe4 dxe4 22. Bxe4 Bxg3 23. fxg3 Bxe4 24. Qf7+ Kh8 25.
Qg7# 1-0

[Event "Late-Titled-Tuesday-Blitz-April-30-2024"]
[Site "Chess.com"]
[Date "2024.04.30"]
[Round "9"]
[White "tolimachess"]
[Black "AlainBruxelles"]
[Result "1-0"]
[WhiteElo "2425"]
[BlackElo "2238"]
[TimeControl "180+1"]
[EndTime "15:41:52 PDT"]
[Termination "tolimachess won by resignation"]

1. e4 c5 2. Nf3 d6 3. Bb5+ Bd7 4. Bxd7+ Nxd7 5. c3 Ngf6 6. Qe2 e5 7. O-O Be7 8. d4 O-O 9. dxe5 dxe5 10. Nbd2 Qc7 11. Nc4 a6 12. a4 Rfe8 13. Bg5 Nh5 14. Bxe7 Rxe7 15. g3 Nhf6 16. Rfd1 Qc6 17. Nfd2 Rae8 18. a5 Nf8 19. f3 Ng6 20. Ne3 Rd7 21. Ndc4 Red8 22. Nb6 Rxd1+ 23. Rxd1 Rxd1+ 24. Qxd1 h6 25. Qd8+ Kh7 26. h4 Nh5 27. Kf2 Qe6 28. Nf5 Qb3 29.
Qd2 Qb5 30. b4 cxb4 31. cxb4 Nf6 32. Nd5 Qd7 33. Nxf6+ 1-0

[Event "Late-Titled-Tuesday-Blitz-April-30-2024"]
[Site "Chess.com"]
[Date "2024.04.30"]
[Round "9"]
[White "kleber2007"]
[Black "PapaieDudu"]
[Result "1-0"]
[WhiteElo "2507"]
[BlackElo "2379"]
[TimeControl "180+1"]
[EndTime "15:41:54 PDT"]
[Termination "kleber2007 won by resignation"]

1. Nf3 d5 2. g3 Nf6 3. Bg2 e6 4.
O-O Be7 5. c4 O-O 6. b3 b6 7.
cxd5 Nxd5 8. d4 c5 9. Bb2 Nc6 10. Nc3 Bb7 11. Nxd5 Qxd5 12. dxc5 Qxc5 13. Rc1 Rfd8 14.
Rxc5 Rxd1 15. Rxd1 Bxc5 16. Ne5 Rd8 17. Rxd8+ Nxd8 18. Nd7 Bxg2 19. Kxg2 Bd6 20. Ne5 f6 21. Nc4 Bc7 22. e4 Nc6 23. Bc3 b5 24. Nd2 Ba5 25. Bxa5 Nxa5 26. Kf3 Kf7 27. Ke3 Ke7 28. Kd4 Kd6 29.
f4 Nc6+ 30. Kc3 Kc5 31. a3 a5 32. Nf3 b4+ 33. axb4+ axb4+ 34. Kd3 e5 35. f5 Nd4 36. Nxd4 exd4 37. g4 g5 38. fxg6 hxg6 39. h4 1-0

[Event "Late-Titled-Tuesday-Blitz-April-30-2024"]
[Site "Chess.com"]
[Date "2024.04.30"]
[Round "9"]
[White "azikom"]
[Black "Moltini"]
[Result "1-0"]
[WhiteElo "2724"]
[BlackElo "2492"]
[TimeControl "180+1"]
[EndTime "15:41:59 PDT"]
[Termination "azikom won by resignation"]

1. c4 Nf6 2. Nc3 g6 3. e4 d6 4.
d4 Bg7 5. Bg5 O-O 6. f3 c5 7. d5 a6 8. a4 Nbd7 9. Nh3 Qa5 10. Nf2 h6 11. Bd2 Qc7 12. Be2 e5 13. O-O Nh5 14. Re1 f5 15. Bf1 f4 16. a5 Qd8 17.
Na4 Qh4 18. b4 cxb4 19. Bxb4 Rf6 20. Ng4 Bf8 21. Nxf6+ Nhxf6 22. Rc1 g5 23. c5 dxc5 24. Nxc5 g4 25. Qd2 gxf3 26. gxf3 Nh5 27. Re2 Nhf6 28. Rg2+ Kh7 29. Ne6 Nxe4 30. fxe4 f3 31. Nxf8+ Nxf8 32. Rg3 Qxe4 33. Bd3 1-0

[Event "Late-Titled-Tuesday-Blitz-April-30-2024"]
[Site "Chess.com"]
[Date "2024.04.30"]
[Round "9"]
[White "jaramsdal"]
[Black "ACollins05"]
[Result "1/2-1/2"]
[WhiteElo "2397"]
[BlackElo "2555"]
[TimeControl "180+1"]
[EndTime "15:41:59 PDT"]
[Termination "Game drawn by repetition"]

1. e4 a6 2. d4 b5 3. Bd3 Bb7 4. Qe2 e6 5. a4 b4 6. Be3 Nf6 7. Nd2 d6 8. h3 Be7 9. g4 c5 10. dxc5 dxc5 11. g5 Nfd7 12. Ngf3 Nc6 13. Nc4 Qc7 14. a5 Nde5 15. Nfxe5 Nxe5 16. Nb6 Nxd3+ 17. cxd3 Rd8 18. h4 Bc6 19. h5 Bb5 20. O-O-O Bd6 21.
g6 hxg6 22. hxg6 Rxh1 23. Rxh1 Bf4 24. Rh8+ Ke7 25. Rxd8 Kxd8 26. gxf7 Qxf7 27. Kb1 Bxe3 28. Qxe3 Qe7 29. Qg3 Qc7 30. Qg5+ Qe7 31. Qg3 Qc7 32. Qg5+ Qe7 33. Qg3 1/2-1/2

[Event "Late-Titled-Tuesday-Blitz-April-30-2024"]
[Site "Chess.com"]
[Date "2024.04.30"]
[Round "9"]
[White "LuciaMalanRamos"]
[Black "Godzillator"]
[Result "0-1"]
[WhiteElo "2120"]
[BlackElo "2380"]
[TimeControl "180+1"]
[EndTime "15:42:00 PDT"]
[Termination "Godzillator won by checkmate"]

1. d4 Nf6 2. c4 g6 3. Nc3 Bg7 4.
Nf3 d5 5. e3 O-O 6. Qb3 dxc4 7.
Bxc4 c5 8. O-O Nc6 9. Be2 cxd4 10. exd4 Nxd4 11. Nxd4 Qxd4 12. Rd1 Qb6 13. Qc2 Bf5 14. Bd3 Bxd3 15. Rxd3 Rfd8 16. Be3 Qa6 17. Rad1 Rxd3 18.
Qxd3 Qxd3 19. Rxd3 e6 20. h3 a6 21. Bg5 b5 22. b3 Rc8 23. Bxf6 Bxf6 24. Ne4 Be7 25.
Rd7 Kf8 26. Ra7 f5 27. Nd2 Rc1+ 28. Kh2 Rc2 29. Nf3 Bd6+ 30. Kh1 Rxf2 31. Rxa6 Rf1+ 32. Ng1 Bc5 33. Kh2 Bxg1+ 34. Kg3 Kf7 35. a4 bxa4 36.
bxa4 g5 37. Ra8 h5 38. h4 f4+ 39. Kh3 g4# 0-1

[Event "Late-Titled-Tuesday-Blitz-April-30-2024"]
[Site "Chess.com"]
[Date "2024.04.30"]
[Round "9"]
[White "Pig-filth"]
[Black "Cambek64"]
[Result "1-0"]
[WhiteElo "2326"]
[BlackElo "2504"]
[TimeControl "180+1"]
[EndTime "15:42:02 PDT"]
[Termination "Pig-filth won by resignation"]

1. d4 c5 2. e4 cxd4 3. c3 dxc3 4.
Nxc3 Nc6 5. Nf3 e6 6. Bc4 Qc7 7. O-O Nf6 8. Nb5 Qb8 9. e5 a6 10. exf6 axb5 11. fxg7 Bxg7 12. Bxb5 O-O 13. Be3 d5 14.
Qd2 Qd6 15. Rac1 d4 16. Bh6 e5 17. Bxg7 Kxg7 18. Bxc6 bxc6 19. Qg5+ Qg6 20. Qxe5+ f6 21. Qxd4 Rxa2 22. Rxc6 Bh3 23. Nh4 Qg5 24. Rc3 Bg4 25.
Rg3 h5 26. h3 Qxh4 27. hxg4 Kh6 28. Rh3 1-0

[Event "Late-Titled-Tuesday-Blitz-April-30-2024"]
[Site "Chess.com"]
[Date "2024.04.30"]
[Round "9"]
[White "shirovin"]
[Black "mjelcic"]
[Result "0-1"]
[WhiteElo "2082"]
[BlackElo "2331"]
[TimeControl "180+1"]
[EndTime "15:42:12 PDT"]
[Termination "mjelcic won on time"]

1. e4 g6 2. d4 Bg7 3. Nc3 d6 4.
Nf3 Nf6 5. Be2 O-O 6. O-O Nbd7 7. h3 e5 8. Be3 c6 9. Qd2 Re8 10. dxe5 dxe5 11. Rad1 Qc7 12. Qd6 Qxd6 13. Rxd6 Bf8 14. Rdd1 Bb4 15. a3 Bxc3 16. bxc3 Nxe4 17. Rd3 Ndc5 18. Rdd1 Ne6 19. Nxe5 Nxc3 20. Rd2 Nc7 21. Ng4 N7d5 22. Bc4 Bxg4 23. hxg4 Nxe3 24. fxe3 Re7 25. Rd3 Ne4 26. a4 a5 27. Rf4 Nc5 28. Rd6 Kg7 29. Rdf6 Rf8 30. g5 Ne4 0-1

[Event "Late-Titled-Tuesday-Blitz-April-30-2024"]
[Site "Chess.com"]
[Date "2024.04.30"]
[Round "9"]
[White "ahmedkandiliii"]
[Black "DeTimmerman"]
[Result "0-1"]
[WhiteElo "2612"]
[BlackElo "2791"]
[TimeControl "180+1"]
[EndTime "15:42:13 PDT"]
[Termination "DeTimmerman won by checkmate"]

1. e4 e5 2. Nf3 Nc6 3. Bb5 f5 4. d4 fxe4 5. Bxc6 dxc6 6. Nxe5 Nf6 7.
O-O Bd6 8. Nc3 Qe7 9. Re1 Bxe5 10. dxe5 Qxe5 11. Nxe4 Nxe4 12. f3 Bf5 13. fxe4 Bg6 14. Be3 O-O 15. Bd4 Qe6 16. e5 Rad8 17. b4 b6 18. c3 c5 19. bxc5 bxc5 20. Bxc5 Rxd1 21.
Raxd1 Re8 22. Bxa7 Qxa2 23. Bd4 Bf7 24. Rd3 c5 25.
Bf2 Qc4 26. Rg3 Qd5 27. Rge3 Be6 28. Rg3 Bc8 29. Rge3 Bb7 30. Bg3 Qxg2# 0-1